 Dungeon Crawl Stone Soup version 0.21-a0-210-gbfa5647 (webtiles) character file.

5489 Cheet4h the Basher (level 10, -2/65 HPs)
             Began as a Gargoyle Fighter on Aug 21, 2017.
             Was a Priest of Okawaru.
             Killed by divine providence
             ... invoked by an orc priest
              (11 damage)
             ... on level 10 of the Dungeon.
             The game lasted 00:33:55 (10596 turns).

Cheet4h the Basher (Gargoyle Fighter)              Turns: 10596, Time: 00:33:56

Health: -2/65      AC: 31    Str: 28    XL:     10   Next: 69%
Magic:  22/22      EV: 11    Int:  9    God:    Okawaru [***...]
Gold:   679        SH:  7    Dex: 14    Spells: 9/9 levels left

rFire    . . .     SeeInvis .   a - +3 mace of Triumph {vamp, Dex+4}
rCold    + + .     Gourm    .   (no shield)
rNeg     + . .     Faith    .   p - +0 plate armour
rPois    ∞         Spirit   .   x - +0 helmet
rElec    +         Reflect  +   r - +2 cloak
rCorr    .         Harm     .   z - +0 pair of gloves
MR       .....                  (no boots)
Stlth    ..........             q - +3 amulet of reflection
HPRegen  0.60/turn              t - +1 ring of protection
MPRegen  0.18/turn              E - ring "Tagham" {Ice MP+9 Str+6 Slay-3}

@: heroism, hasted, very quick
A: large bone plates 1, cold resistance 1, fire resistance 1, negative energy
resistance 1, regeneration 1, electricity resistance, unbreathing, petrification
resistance, rot immunity, AC +7
a: Heroism, Renounce Religion


You were on level 10 of the Dungeon.
You worshipped Okawaru.
Okawaru was most pleased with you.
You were not hungry.

You visited 2 branches of the dungeon, and saw 11 of its levels.

You collected 679 gold pieces.

Inventory:

Hand Weapons
 a - the +3 mace of Triumph (weapon) {vamp, Dex+4}
   (You found it on level 4 of the Dungeon)

   It inflicts no extra harm, but heals its wielder when it wounds a living foe.
   It affects your dexterity (+4).
 b - a +0 shortbow
Missiles
 y - 186 arrows
Armour
 p - a +0 plate armour (worn)
 r - a +2 cloak (worn)
 x - a +0 helmet (worn)
 z - a +0 pair of gloves (worn)
Jewellery
 q - a +3 amulet of reflection (around neck)
 t - a +1 ring of protection (left hand)
 E - the ring "Tagham" (right hand) {Ice MP+9 Str+6 Slay-3}
   (You found it on level 10 of the Dungeon)

   [ring of ice]

   It enhances your ice magic.
   It affects your strength (+6).
   It affects your accuracy and damage with ranged weapons and melee attacks
   (-3).
   It makes you vulnerable to fire.
   It protects you from cold.
   It affects your magic capacity (+9).
Wands
 D - a wand of iceblast (10/15)
Scrolls
 c - 3 scrolls of remove curse
 e - 2 scrolls of enchant armour
 g - a scroll of recharging
 h - 2 scrolls of magic mapping
 i - a scroll of fog
 j - 5 scrolls of teleportation
 v - 2 scrolls of fear
 w - a scroll of amnesia
 A - 2 scrolls of enchant weapon
Potions
 d - 5 potions of brilliance
 l - 4 potions of flight
 m - a potion of agility
 n - a potion of lignification
 s - a potion of curing
 F - a potion of magic
Comestibles
 f - 8 bread rations
 k - 3 royal jellies
 o - 5 meat rations
 B - 8 fruits


   Skills:
 + Level 8.6(13.6) Fighting
 * Level 10.1(15.1) Maces & Flails
 + Level 4.4(9.4) Bows
 + Level 8.6(13.6) Armour
   Level 3.2(8.2) Shields
 + Level 4.6 Invocations


You had 9 spell levels left.
You didn't know any spells.

Dungeon Overview and Level Annotations

Branches:
Dungeon (10/15)            Temple (1/1) D:6             Orc (0/2) D:10
   Lair: D:8-11

Altars:
Ashenzari
Cheibriados
Dithmenos
Elyvilon
Fedhas
Gozag
Hepliaklqana
Kikubaaqudgha
Makhleb
Nemelex Xobeh
Okawaru
Qazlal
Ru
Sif Muna
Trog
Uskayaw
Vehumet
Wu Jian
Xom
Yredelemnul
Zin
The Shining One
Beogh

Shops:
D:6 %   D:9 :


Innate Abilities, Weirdness & Mutations

You are resistant to torment.
Your stone body is resilient. (AC +7)
You are immune to poison.
You resist negative energy. (rN+)
You are resistant to electric shocks. (rElec)
You can survive without breathing.
You are immune to petrification.
You are immune to rotting.
You are partially covered in large bone plates. (SH +4)
Your flesh is cold resistant. (rC+)
Your flesh is heat resistant. (rF+)
Your natural rate of healing is unusually fast.


Message History

* * * LOW HITPOINT WARNING * * *
The orc warrior hits you but does no damage.
You hit the orc warrior but do no damage.
The orc warrior is severely wounded.
The orc warrior closely misses you.
You hit the orc warrior but do no damage.
You punch the orc warrior, but do no damage.
The orc warrior is severely wounded.
The orc warrior hits you but does no damage.
You sock the orc warrior!
You feel better.
You kill the orc warrior!
Okawaru accepts your kill. The orc warrior closely misses you.
The orc warrior hits you but does no damage.
You block the orc warrior's attack.
The orc warrior hits you from afar with a halberd!
* * * LOW HITPOINT WARNING * * *
The orc priest mumbles some strange prayers to Beogh against you.
Beogh smites you!
You die...

#....# #...oo#...# #....#
#.o..o#...# .....#
#..o.o8...# .....#
#..o.o'...# .....#
#...oo8...# .....#
#....o#...#
.....###############oo##
................)#oooo#
................@ooooo#
................)#ooo.#
.........###+#####....#
.........+.(..........#
.........#............#
.........#............#
###''#####............#
............).........####
..###'##.................#


You could see 4 orc warriors, an orc priest and 9 orcs.

Vanquished Creatures
  A gargoyle (D:10)
  The ghost of ezni the Covert, an amateur OpAs (D:5)
  A vampire (D:9)
  A spriggan (D:7)
  Sigmund (D:2)
  The ghost of Tristus the Covered, an amateur GnWn (D:3)
  6 orc warriors
  3 black bears
  3 ice beasts
  3 sky beasts
  2 phantoms
  6 centaurs
  5 big kobolds
  6 bullfrogs
  3 scorpions
  3 killer bees (D:7)
  A bullfrog zombie (D:7)
  4 crimson imps
  9 hounds
  7 orc wizards
  A jelly (D:7)
  A centaur skeleton (D:7)
  Crazy Yiuf (D:4)
  4 orc priests
  An iguana (D:10)
  4 worker ants
  2 howler monkey skeletons
  12 gnolls
  8 adders
  4 shadow imps
  2 oozes (D:1)
  An adder zombie (D:8)
  5 worms
  4 dart slugs
  5 leopard geckos
  24 orcs
  5 giant cockroaches
  3 goblins (D:1)
  10 hobgoblins
  6 jackals
  6 quokkas
  3 ball pythons (D:1)
  8 bats
  5 frilled lizards
  32 kobolds
  2 leopard gecko skeletons
  A quokka skeleton (D:7)
  7 rats
234 creatures vanquished.

Vanquished Creatures (others)
  An orc wizard (D:9)
1 creature vanquished.

Grand Total: 235 creatures vanquished

Notes
Turn   | Place    | Note
-------+----------+-------------------------------------------
     0 | D:1      | Cheet4h the Gargoyle Fighter began the quest for the Orb.
     0 | D:1      | Reached XP level 1. HP: 14/14 MP: 1/1
    81 | D:1      | Reached XP level 2. HP: 19/19 MP: 2/2
   439 | D:1      | Reached XP level 3. HP: 24/24 MP: 3/3
  1101 | D:1      | Reached skill level 3 in Maces & Flails
  1654 | D:2      | Noticed Sigmund
  1904 | D:2      | Reached XP level 4. HP: 28/29 MP: 4/4
  2036 | D:2      | Killed Sigmund
  2036 | D:2      | Reached skill level 4 in Maces & Flails
  2036 | D:2      | Reached XP level 5. HP: 4/34 MP: 5/5
  2399 | D:2      | Reached XP level 6. HP: 17/39 MP: 6/6
  3012 | D:3      | Noticed Tristus's ghost (amateur GnWn)
  3032 | D:3      | Killed Tristus's ghost
  3032 | D:3      | Reached skill level 5 in Fighting
  3032 | D:3      | Reached skill level 5 in Maces & Flails
  3350 | D:3      | Reached XP level 7. HP: 41/44 MP: 7/7
  3939 | D:4      | Reached skill level 5 in Armour
  4103 | D:4      | Found a runed door.
  4779 | D:4      | Noticed Crazy Yiuf
  4785 | D:4      | Killed Crazy Yiuf
  4796 | D:4      | Got a crude mace
  4798 | D:4      | Identified the cursed +3 mace of Triumph {vamp, Dex+4} (You found it on level 4 of the Dungeon)
  4848 | D:5      | Entered Level 5 of the Dungeon
  4965 | D:5      | Noticed ezni's ghost (amateur OpAs)
  4987 | D:5      | Killed ezni's ghost
  4987 | D:5      | Reached skill level 6 in Maces & Flails
  5097 | D:5      | Found an opulent altar of Gozag.
  5488 | D:5      | Reached XP level 8. HP: 38/51 MP: 8/8
  5887 | D:5      | Reached skill level 7 in Maces & Flails
  6216 | D:6      | Found Simmaes's Food Shop.
  6730 | D:6      | Reached skill level 8 in Maces & Flails
  6755 | D:6      | Reached XP level 9. HP: 47/56 MP: 9/9
  6787 | D:6      | Found a staircase to the Ecumenical Temple.
  6796 | Temple   | Entered the Ecumenical Temple
  6805 | Temple   | Became a worshipper of Warmaster Okawaru
  7327 | D:7      | Reached skill level 1 in Bows
  7327 | D:7      | Reached skill level 1 in Invocations
  7337 | D:7      | Gained mutation: You are clumsy. (Dex -2) [potion of mutation]
  7337 | D:7      | Gained mutation: You are partially covered in molten scales. (AC +2) [potion of mutation]
  7337 | D:7      | Gained mutation: Your magical capacity is low. (-10% MP) [potion of mutation]
  7337 | D:7      | Gained mutation: Your spells are a little harder to cast, but a little more powerful. [potion of mutation]
  7338 | D:7      | Lost mutation: You are clumsy. (Dex -2) [potion of mutation]
  7338 | D:7      | Lost mutation: Your magical capacity is low. (-10% MP) [potion of mutation]
  7338 | D:7      | Gained mutation: You are partially covered in large bone plates. (SH +4) [potion of mutation]
  7339 | D:7      | Lost mutation: Your spells are a little harder to cast, but a little more powerful. [potion of mutation]
  7339 | D:7      | Lost mutation: You are partially covered in molten scales. (AC +2) [potion of mutation]
  7339 | D:7      | Lost mutation: You are partially covered in large bone plates. (SH +4) [potion of mutation]
  7339 | D:7      | Gained mutation: Your flesh is heat resistant. (rF+) [potion of mutation]
  7339 | D:7      | Gained mutation: You are partially covered in large bone plates. (SH +4) [potion of mutation]
  7339 | D:7      | Gained mutation: Your natural rate of healing is unusually fast. [potion of mutation]
  7339 | D:7      | Gained mutation: Your flesh is cold resistant. (rC+) [potion of mutation]
  7561 | D:7      | Reached * piety under Okawaru
  8279 | D:8      | Reached skill level 9 in Maces & Flails
  8537 | D:8      | Found a blossoming altar of Fedhas.
  8633 | D:8      | Reached XP level 10. HP: 20/64 MP: 12/12
  9273 | D:9      | Reached ** piety under Okawaru
  9458 | D:9      | Found a shadowy altar of Dithmenos.
  9487 | D:9      | Found Peuf's Book Shop.
  9495 | D:9      | Found a glowing silver altar of Zin.
  9870 | D:10     | Entered Level 10 of the Dungeon
  9900 | D:10     | Got a twitching tin ring
  9915 | D:10     | Identified the ring "Tagham" {Ice MP+9 Str+6 Slay-3} (You found it on level 10 of the Dungeon)
 10021 | D:10     | Noticed a gargoyle
 10061 | D:10     | Killed a gargoyle
 10175 | D:10     | Reached skill level 10 in Maces & Flails
 10285 | D:10     | Reached *** piety under Okawaru
 10521 | D:10     | Found a roughly hewn altar of Beogh.
 10521 | D:10     | Found a staircase to the Orcish Mines.
 10596 | D:10     | Killed from afar by an orc priest

Vault maps used:
D:1:      dpeg_arrival_chambers_temple_mockup, minmay_shallow_snake_nest
D:2:      uniq_sigmund
D:3:      first_bread
D:4:      corexii_mini_fake_secret_closet, uniq_crazy_yiuf_cottage
D:5:      nicolae_gozag_cash_rules_everything_around_me
D:6:      temple_hall, serial_shops, shop_coins, dk_vineyard_3
D:7:      the_bakery
D:8:      fedhas_altar_3
D:9:      old_standard_altar, serial_shops, shop, nicolae_dithmenos_the_darkroom
D:10:     david_orc_5
Temple:   nicolae_temple_the_god_donut

Skill      XL: |  1  2  3  4  5  6  7  8  9 10 |
---------------+-------------------------------+-----
Fighting       | 4 5 6 7 8 |  8.6
Maces & Flails | 3 4 5 6 8 9 10 | 10.1
Armour         | 4 5 6 7 8 |  8.6
Bows           | 3 4 |  4.4
Invocations    | 3 4 |  4.6
Shields        | |  3.2

Action                   |  1- 3 |  4- 6 |  7- 9 | 10-12 || total
-------------------------+-------+-------+-------+-------++-------
Melee: Flail             |   144 |   198 |   124 |       ||   466
       Mace              |       |       |   427 |   370 ||   797
       Punch             |       |       |       |     3 ||     3
Invok: Heroism           |       |       |       |     2 ||     2
  Use: Scroll            |     3 |     3 |    17 |     2 ||    25
       Potion            |       |     1 |     3 |     3 ||     7
  Eat: Chunk             |     3 |     4 |    14 |     4 ||    25
       Meat ration       |       |       |     1 |     1 ||     2
       Bread ration      |       |       |     1 |       ||     1
       Fruit             |       |       |     6 |     5 ||    11
Armor: Scale mail        |    20 |       |       |       ||    20
       Chain mail        |    76 |   137 |   232 |       ||   445
       Plate armour      |       |       |   186 |   298 ||   484
Dodge: Dodged            |    40 |    43 |   176 |   129 ||   388
Block: Shield            |    85 |   107 |   120 |       ||   312
       Other             |       |       |    50 |    91 ||   141

Table legend:
 A = Spawn XP
 B = Non-spawn XP
 C = Spawn XP percentage of total XP
 D = Spawn monster count
 E = Non-spawn monster count
 F = Spawn count percentage of total count
 G = Total turns spent on level
                    A         B        C        D         E        F      G
               +---------+---------+-------+---------+---------+-------+---------
         Total |     540 |    7302 |   6.9 |      22 |     212 |   9.4 | 10596
               +---------+---------+-------+---------+---------+-------+---------
           D:1 |       5 |      52 |   8.8 |       3 |      24 |  11.1 |  1574
           D:2 |       5 |     301 |   1.6 |       4 |      20 |  16.7 |  1289
           D:3 |      58 |     307 |  15.9 |       5 |      15 |  25.0 |   960
           D:4 |      20 |      59 |  25.3 |       3 |      10 |  23.1 |  1380
           D:5 |     140 |     724 |  16.2 |       3 |      15 |  16.7 |  1108
           D:6 |       3 |     734 |   0.4 |       1 |      21 |   4.5 |   705
           D:7 |     309 |    1205 |  20.4 |       3 |      36 |   7.7 |  1003
           D:8 |       0 |     897 |   0.0 |       0 |      18 |   0.0 |   871
           D:9 |       0 |    1209 |   0.0 |       0 |      23 |   0.0 |   758
          D:10 |       0 |    1814 |   0.0 |       0 |      30 |   0.0 |   683
               +---------+---------+-------+---------+---------+-------+---------
